 Dungeon Sprint DCSS version 0.19.1-1-g22dce08 (webtiles) character file.

60 dvd the Chopper (level 3, -2/46 HPs)
             Began as a Minotaur Gladiator on Jan 3, 2017.
             Drowned by a water elemental (5 damage)
             ... in the Dungeon (Sprint III: "The Ten Rune Challenge").
             The game lasted 00:01:09 (399 turns).

dvd the Chopper (Minotaur Gladiator)                 Turns: 399, Time: 00:01:09

Health: -2/46      AC:  3    Str: 25    XL:     3   Next: 82%
Magic:  2/2        EV: 14    Int:  5    God:
Gold:   23         SH:  0    Dex: 10    Spells: 0 memorised, 2 levels left

rFire  . . .     SeeInvis .     a - +0 war axe
rCold  . . .     Gourm    .     b - +0 leather armour
rNeg   . . .     Faith    .     (no shield)
rPois  .         Spirit   .     c - +0 hat
rElec  .         Reflect  .     (no cloak)
rCorr  .         Harm     .     (no gloves)
MR     .....     NoTele   +     (no boots)
Stlth  ..........               (no amulet)
                                (no ring)
                                (no ring)

@: berserking, engulfed (cannot breathe), very quick
A: retaliatory headbutt, horns 2
a: no special abilities


You were in the Dungeon.
You were not hungry.

You visited 1 branch You collected 23 gold pieces.

Inventory:

Hand Weapons
 a - a +0 war axe (weapon)
Missiles
 d - 2 throwing nets (quivered)
Armour
 b - a +0 leather armour (worn)
 c - a +0 hat (worn)
Wands
 m - a wand of digging (16/24)
Scrolls
 k - a scroll of blinking
 n - a scroll of immolation {unknown}
 o - 4 scrolls of identify
 s - a scroll of torment {unknown}
 t - a scroll of remove curse {unknown}
Potions
 e - a potion of curing
 h - a potion of haste
 i - 2 potions of magic
 q - a potion of cure mutation
 r - 4 potions of flight
Comestibles
 f - a bread ration
 p - a fruit
 u - a royal jelly


   Skills:
 + Level 3.5 Fighting
 + Level 7.0 Axes
 + Level 2.7 Throwing
 + Level 0.2 Armour
 + Level 6.1 Dodging


You had 2 spell levels left.
You didn't know any spells.

Dungeon Overview and Level Annotations

Branches:
Dungeon (1/1)

Altars:


Innate Abilities, Weirdness & Mutations

You reflexively headbutt those who attack you in melee.
You have a pair of horns on your head.


Message History

The water elemental hits you.
* * * LOW HITPOINT WARNING * * *
Unknown command.
You feel much better.
Your lungs strain for air!
The water elemental hits you.
A red film seems to cover your vision as you go berserk!
You feel yourself moving faster!
You feel mighty!
Your lungs strain for air!
The water elemental hits you!
* * * LOW HITPOINT WARNING * * *
You barely miss the water elemental.
Your headbutt misses the water elemental.
The water elemental is heavily damaged.
* * * LOW HITPOINT WARNING * * *
Your lungs strain for air!
The water elemental closely misses you.
You barely miss the water elemental.
The water elemental is heavily damaged.
You die...

▓▓▓▓▓▓▓ ▓▓▓ ..#(..####
##.# ..#......#####..#
.##.......#..#..#
#.##.##.[.#..#..###+#+##
#.##.###..##'#..#.......
.####.##..###...@E⌠.....
###..##..####...#...####
...÷.##..###....#.⌠.#
##..##...##.....#...#
#..##....#......#+###
..###..##.#.....# (.#
#..#####....# ▓▓▓ ▓▓▓▓
▓▓▓▓▓▓


You could see a water elemental.

Vanquished Creatures
  Jessica (D)
  A human (D)
  A wolf (D)
  3 rats (D)
6 creatures vanquished.

Vanquished Creatures (others)
  2 draconian scorchers (D)
  6 hellions (D)
  A yaktaur (D)
  4 plants (D)
13 creatures vanquished.

Grand Total: 19 creatures vanquished

Notes
Turn   | Place    | Note
-------+----------+-------------------------------------------
     0 | D        | dvd the Minotaur Gladiator began the quest for the Orb.
     0 | D        | Reached XP level 1. HP: 18/18 MP: 0/0
    14 | D        | Killed a yaktaur
    15 | D        | Reached skill level 4 in Axes
    32 | D        | Noticed Jessica
    35 | D        | Killed Jessica
    35 | D        | Reached skill level 5 in Axes
    35 | D        | Reached skill level 5 in Dodging
    35 | D        | Reached XP level 2. HP: 26/26 MP: 1/1
    60 | D        | Reached skill level 6 in Axes
    60 | D        | Reached XP level 3. HP: 19/31 MP: 2/2
    68 | D        | HP: 1/31 [human (4)]
    70 | D        | Reached skill level 7 in Axes
    98 | D        | Killed a hellion
   109 | D        | Killed a hellion
   110 | D        | Killed a hellion
   110 | D        | Killed a hellion
   110 | D        | Killed a hellion
   122 | D        | Killed a hellion
   211 | D        | Killed a white draconian scorcher
   241 | D        | Killed a white draconian scorcher
   382 | D        | Gained mutation: You can translocate small distances at will. [potion of mutation]
   382 | D        | Gained mutation: You are somewhat resistant to further mutation. [potion of mutation]
   384 | D        | Lost mutation: You can translocate small distances at will. [potion of cure mutation]
   384 | D        | Lost mutation: You are somewhat resistant to further mutation. [potion of cure mutation]
   389 | D        | Noticed a water elemental
   399 | D        | Drowned by a water elemental

Skill      XL: |  1  2  3 |
---------------+----------+-----
Axes           | 5 6 7 |  7.0
Fighting       | 3 |  3.5
Dodging        | 5 6 |  6.1
Throwing       | |  2.7
Armour         | |  0.2

Action                   || total
-------------------------++-------
Melee: War axe           ||    26
       Headbutt          ||     3
Throw: Throwing net      ||     1
  Use: Potion            ||     5
Armor: Leather armour    ||     2
Dodge: Dodged            ||    16
